 Dungeon Crawl Stone Soup version 0.21.1-1-g345015fe64 (webtiles) character file.

69 Ivernyr the Magician (level 4, 25/35 HPs)
             Began as a Draconian Wizard on May 2, 2018.
             Quit the game on level 1 of the Dungeon.
             The game lasted 00:06:27 (2852 turns).

Ivernyr the Magician (Draconian Wizard)             Turns: 2852, Time: 00:06:28

Health: 25/35      AC:  5    Str: 10    XL:     4   Next: 2%
Magic:  5/9        EV: 12    Int: 19    God:
Gold:   87         SH:  0    Dex:  9    Spells: 1/10 levels left

rFire    . . .     SeeInvis .   (no weapon)
rCold    . . .     Gourm    .   (no shield)
rNeg     . . .     Faith    .   (armour unavailable)
rPois    .         Spirit   .   a - +0 hat
rElec    .         Reflect  .   (no cloak)
rCorr    .         Harm     .   (no gloves)
MR       .....                  (no boots)
Stlth    ++........             (no amulet)
HPRegen  0.11/turn              (no ring)
MPRegen  0.11/turn              (no ring)

@: no status effects
A: unfitting armour, cold-blooded, AC +5
a: no special abilities


You were on level 1 of the Dungeon.
You were near starving.

You visited 1 branch of the dungeon, and saw 2 of its levels.

You collected 87 gold pieces.

Inventory:

Missiles
 k - 6 tomahawks of returning (quivered)
Armour
 a - a +0 hat (worn)
Scrolls
 d - 5 scrolls of remove curse {unknown}
 f - 3 scrolls of identify {unknown}
 i - a scroll of fog {unknown}
 l - a scroll of fear {unknown}
 m - 2 scrolls of enchant armour {unknown}
Potions
 e - 2 potions of haste {unknown}
 g - a potion of berserk rage {unknown}
 h - a potion of heal wounds {unknown}
 j - a potion of magic {unknown}
 n - a potion of ambrosia {unknown}
 o - a potion of cancellation {unknown}
Books
 b - a book of Minor Magic

   Spells                             Type                      Level
   a - Magic Dart                     Conjuration                  1
   b - Blink                          Translocation                2
   c - Call Imp                       Summoning                    2
   d - Slow                           Hexes                        2
   e - Conjure Flame                  Conjuration/Fire             3
   f - Mephitic Cloud                 Conjuration/Poison/Air       3
Comestibles
 c - 8 rations


   Skills:
 + Level 1.4 Fighting
 - Level 2.0 Dodging
 - Level 1.7 Stealth
 + Level 3.7 Spellcasting
 * Level 2.3 Conjurations
   Level 1.0 Summonings
 - Level 1.0 Translocations


You had one spell level left.
You knew the following spells:

 Your Spells              Type           Power        Failure   Level  Hunger
a - Magic Dart            Conj           ##..         5%          1    None
b - Blink                 Tloc           N/A          14%         2    ##.....
c - Conjure Flame         Conj/Fire      #.......     26%         3    ###....
d - Mephitic Cloud        Conj/Pois/Air  #.......     30%         3    ###....


Dungeon Overview and Level Annotations

Branches:
Dungeon (2/15)

Altars:


Innate Abilities, Weirdness & Mutations

Your plain brown scales are hard. (AC +5)
You cannot fit into any form of body armour.
You are cold-blooded and may be slowed by cold attacks.


Message History

You have reached level 4!
You feel stronger. The hobgoblin closely misses you.
You see here a goblin corpse.
Casting: Magic Dart
Confirm with . or Enter, or press ? or * to list all spells.
Aiming: Magic Dart
Press: ? - help, Shift-Dir - straight line, f - hobgoblin
Aim: a hobgoblin, wielding a club The magic dart hits the hobgoblin.
The hobgoblin is almost dead.
The hobgoblin closely misses you.
Casting: Magic Dart
Confirm with . or Enter, or press ? or * to list all spells.
Aiming: Magic Dart
Press: ? - help, Shift-Dir - straight line, f/p - hobgoblin
Aim: a hobgoblin, wielding a club (almost dead)
The magic dart hits the hobgoblin.
You kill the hobgoblin!
Are you sure you want to abandon this character and quit the game? (Confirm with "yes".)

.......(.#.#.# #..#
#..##.#..#.#.#
#############..#
#...#.#..#.#.#
#..............#
....(......#.#
#[############.#
.........###.# #.#
#.# #..#..#..# #.#
#.# #.# .........#
#.# #.# #.#
##.##.#..# #.# #.#
#.# #.....#..###.#
#@# #.#
#............# #>#
#.# #.######.#####
#.# #.### #.#
#.#######.## #.##.
#.## #...(......#
#.##. ...#
#.#######.## #.##.
...# ##....######
#.##.
...####........#####
##.##.
........#..........#
#.....


There were no monsters in sight!

Vanquished Creatures
  Robin (D:1)
  A worm (D:2)
  2 dart slugs
  A leopard gecko (D:1)
  2 bats
  A giant cockroach (D:2)
  5 goblins
  6 hobgoblins
  10 jackals (D:2)
  5 frilled lizards
  7 kobolds
  6 rats
47 creatures vanquished.

Notes
Turn   | Place    | Note
-------+----------+-------------------------------------------
     0 | D:1      | Ivernyr the Draconian Wizard began the quest for the Orb.
     0 | D:1      | Reached XP level 1. HP: 14/14 MP: 4/4
   631 | D:1      | Reached XP level 2. HP: 20/20 MP: 1/6
  1561 | D:2      | Reached XP level 3. HP: 16/27 MP: 1/8
  1679 | D:2      | Learned a level 2 spell: Blink
  1683 | D:2      | Learned a level 3 spell: Conjure Flame
  1687 | D:2      | Learned a level 3 spell: Mephitic Cloud
  1776 | D:2      | Reached skill level 1 in Fighting
  2575 | D:2      | Noticed Robin
  2734 | D:1      | Killed Robin
  2848 | D:1      | Reached XP level 4. HP: 24/35 MP: 7/9
  2852 | D:1      | Quit the game

Skill      XL: |  1  2  3 |
---------------+----------+-----
Dodging        | 2 |  2.0
Fighting       | 1 |  1.4
Conjurations   | 2 |  2.3
Stealth        | |  1.7
Spellcasting   | |  3.7
Summonings     | |  1.0
Translocations | |  1.0

Action                   |  1- 3 |  4- 6 || total
-------------------------+-------+-------++-------
Melee: Unarmed           |    64 |       ||    64
       Tailslap          |     6 |       ||     6
 Cast: Magic Dart        |   126 |     3 ||   129
       Mephitic Cloud    |     1 |       ||     1
 Stab: Sleeping          |     1 |       ||     1
  Eat: Chunk             |     4 |       ||     4
Armor: Skin              |    27 |       ||    27
Dodge: Dodged            |    67 |     2 ||    69
